TOP OF THE 1ST |
Baltimore Orioles batting - Pitching for Boston Red Sox : RHP Jeremy Hernandez
|
Pitching: RHP Jeremy Hernandez
|
|
Batting: LHB Bob Melley
|
0-0: Called Strike 0-1: Swinging Strike 0-2: Strikes out looking
|
Batting: RHB Marc Peckermark
|
0-0: SINGLE (Line Drive, 9S, EV 101.3 MPH)
|
Batting: LHB Brad Pepin
|
0-0: Ball 1-0: Ball Marc Peckermark is caught stealing 2nd base 2-6 2-0: Called Strike 2-1: Called Strike 2-2: Foul Ball, location: 2F 2-2: Strikes out looking
|
Top of the 1st over - 0 runs, 1 hit, 0 errors, 0 left on base; Baltimore 0 - Boston 0 |
BOTTOM OF THE 1ST |
Boston Red Sox batting - Pitching for Baltimore Orioles : RHP Sean Parks
|
Pitching: RHP Sean Parks
|
|
Batting: SHB Robbie Rogers
|
0-0: Ball 1-0: Called Strike 1-1: Called Strike 1-2: Ball 2-2: Ground out 6-3 (Groundball, 6, EV 83.8 MPH)
|
Batting: LHB Xavier Pittman
|
0-0: Ball 1-0: Called Strike 1-1: Ball 2-1: Called Strike 2-2: Ball 3-2: Foul Ball, location: 2F 3-2: Base on Balls
|
Batting: SHB Mark Rennie
|
0-0: Ball 1-0: Called Strike 1-1: Ball 2-1: Swinging Strike 2-2: Fly out, F1 (Line Drive, P, EV 75.0 MPH) Lined into DP, 1-3 (Line Drive, P, EV 70.6 MPH)
|
Bottom of the 1st over - 0 runs, 0 hits, 0 errors, 0 left on base; Baltimore 0 - Boston 0 |
TOP OF THE 2ND |
Baltimore Orioles batting - Pitching for Boston Red Sox : RHP Jeremy Hernandez
|
Batting: RHB Saimei Kudo
|
0-0: Ball 1-0: Foul Ball, location: 2F 1-1: Ball 2-1: Ground out 4-3 (Groundball, 34D, EV 88.1 MPH)
|
Batting: RHB Kevin Howard
|
0-0: Called Strike 0-1: Ball 1-1: SINGLE (Line Drive, 4D, EV 94.4 MPH)
|
Batting: RHB Alex Rodriguez Jr.
|
0-0: Called Strike 0-1: SINGLE (Groundball, 6D, EV 100.6 MPH) Kevin Howard to second
|
Batting: RHB Ruben Garza
|
0-0: Ball 1-0: Called Strike 1-1: Ball 2-1: Ball 3-1: Reached on error, E4 (Groundball, 4M, EV 81.9 MPH) Kevin Howard to third Alex Rodriguez Jr. to second
|
Batting: RHB Josh Hamilton
|
0-0: Swinging Strike 0-1: Ball 1-1: Foul Ball, location: 2F 1-2: Ball 2-2: Strikes out swinging
|
Batting: SHB Jason Hayes
|
0-0: Ball 1-0: Ball 2-0: Ball 3-0: Called Strike 3-1: Ground out U3 (Groundball, 34, EV 91.3 MPH)
|
Top of the 2nd over - 0 runs, 2 hits, 1 error, 3 left on base; Baltimore 0 - Boston 0 |
BOTTOM OF THE 2ND |
Boston Red Sox batting - Pitching for Baltimore Orioles : RHP Sean Parks
|
Batting: LHB Ernesto Cedillos
|
0-0: Called Strike 0-1: Ball 1-1: Swinging Strike 1-2: Ball 2-2: SOLO HOME RUN (Line Drive, 9LD, EV 96.9 MPH), Distance : 355 ft
|
Batting: SHB Rich Chavez
|
0-0: Called Strike 0-1: SINGLE (Flyball, 6D, EV 90.0 MPH)
|
Batting: RHB Manny Vergara
|
0-0: Ball 1-0: Grounds into double play, 6-4-3 (Groundball, 6, EV 85.6 MPH)
|
Batting: LHB Kevin McCormic Jr.
|
0-0: Called Strike 0-1: Called Strike 0-2: Foul Ball, location: 2F 0-2: Ground out 6-3 (Groundball, 6, EV 100.0 MPH)
|
Bottom of the 2nd over - 1 run, 2 hits, 0 errors, 0 left on base; Baltimore 0 - Boston 1 |
TOP OF THE 3RD |
Baltimore Orioles batting - Pitching for Boston Red Sox : RHP Jeremy Hernandez
|
Batting: LHB Bob Melley
|
0-0: Ball 1-0: Foul Ball, location: 2F 1-1: Ball 2-1: Foul Ball, location: 2F 2-2: Fly out, F7 (Line Drive, 7, EV 99.4 MPH)
|
Batting: RHB Marc Peckermark
|
0-0: Fly out, F9 (Line Drive, 9, EV 95.6 MPH)
|
Batting: LHB Brad Pepin
|
0-0: Swinging Strike 0-1: Ball 1-1: Fly out, F8 (Flyball, 89D, EV 102.5 MPH)
|
Top of the 3rd over - 0 runs, 0 hits, 0 errors, 0 left on base; Baltimore 0 - Boston 1 |
BOTTOM OF THE 3RD |
Boston Red Sox batting - Pitching for Baltimore Orioles : RHP Sean Parks
|
Batting: RHB Nick Esteves
|
0-0: Ball 1-0: Ball 2-0: Foul Ball, location: 2F 2-1: Fly out, F8 (Flyball, 78M, EV 86.9 MPH)
|
Batting: SHB Brace Harper
|
0-0: Ground out 1-3 (Groundball, 34S, EV 62.5 MPH)
|
Batting: SHB Robbie Rogers
|
0-0: Foul Ball, location: 2F 0-1: Ball 1-1: Ground out 1-3 (Groundball, 13S, EV 75.0 MPH)
|
Bottom of the 3rd over - 0 runs, 0 hits, 0 errors, 0 left on base; Baltimore 0 - Boston 1 |
TOP OF THE 4TH |
Baltimore Orioles batting - Pitching for Boston Red Sox : RHP Jeremy Hernandez
|
Batting: RHB Saimei Kudo
|
0-0: Foul Ball, location: 2F 0-1: Ball 1-1: Foul Ball, location: 2F 1-2: Strikes out swinging
|
Batting: RHB Kevin Howard
|
0-0: Swinging Strike 0-1: Ball 1-1: Foul Ball, location: 2F 1-2: Foul Ball, location: 2F 1-2: Ball 2-2: Ball 3-2: Strikes out swinging
|
Batting: RHB Alex Rodriguez Jr.
|
0-0: Called Strike 0-1: Swinging Strike 0-2: Strikes out swinging
|
Top of the 4th over - 0 runs, 0 hits, 0 errors, 0 left on base; Baltimore 0 - Boston 1 |
BOTTOM OF THE 4TH |
Boston Red Sox batting - Pitching for Baltimore Orioles : RHP Sean Parks
|
Batting: LHB Xavier Pittman
|
0-0: Ball 1-0: Ground out U3 (Groundball, 3, EV 105.0 MPH)
|
Batting: SHB Mark Rennie
|
0-0: Ball 1-0: Ball 2-0: Ball 3-0: Base on Balls
|
Batting: LHB Ernesto Cedillos
|
0-0: Ball 1-0: Called Strike 1-1: Ball 2-1: Foul Ball, location: 2F 2-2: Grounds into double play, 4-6-3 (Groundball, 34D, EV 99.4 MPH)
|
Bottom of the 4th over - 0 runs, 0 hits, 0 errors, 0 left on base; Baltimore 0 - Boston 1 |
TOP OF THE 5TH |
Baltimore Orioles batting - Pitching for Boston Red Sox : RHP Jeremy Hernandez
|
Batting: RHB Ruben Garza
|
0-0: Called Strike 0-1: Ball 1-1: Foul Ball, location: 2F 1-2: Strikes out looking
|
Batting: RHB Josh Hamilton
|
0-0: Ball 1-0: Called Strike 1-1: Ground out 1-3 (Groundball, 13S, EV 62.5 MPH)
|
Batting: SHB Jason Hayes
|
0-0: SINGLE (Groundball, 56D, EV 91.3 MPH) (infield hit)
|
Batting: LHB Bob Melley
|
0-0: Ball 1-0: Foul Ball, location: 2F 1-1: Ground out 4-3 (Groundball, 34, EV 101.9 MPH)
|
Top of the 5th over - 0 runs, 1 hit, 0 errors, 1 left on base; Baltimore 0 - Boston 1 |
BOTTOM OF THE 5TH |
Boston Red Sox batting - Pitching for Baltimore Orioles : RHP Sean Parks
|
Batting: SHB Rich Chavez
|
0-0: Ball 1-0: SINGLE (Groundball, 3D, EV 103.8 MPH)
|
Batting: RHB Manny Vergara
|
0-0: Called Strike 0-1: Called Strike 0-2: Foul Ball, location: 2F 0-2: Ball 1-2: Ball 2-2: Ball 3-2: DOUBLE (Groundball, 5L, EV 100.6 MPH) Rich Chavez to third Runner from 3rd tries for Home, throw by LF and OUT! 7-6-2
|
Batting: LHB Kevin McCormic Jr.
|
0-0: Called Strike 0-1: Ball 1-1: Ball 2-1: Foul Ball, location: 2F 2-2: Ball 3-2: Fly out, F7 (Flyball, 7, EV 93.1 MPH)
|
Batting: RHB Nick Esteves
|
0-0: SINGLE (Groundball, 25, EV 68.8 MPH) (infield hit) Manny Vergara to third
|
Batting: SHB Brace Harper
|
0-0: Ball 1-0: Ball 2-0: Called Strike 2-1: Foul Ball, location: 2F 2-2: Foul Ball, location: 2F 2-2: SINGLE (Groundball, 6D, EV 101.9 MPH) Manny Vergara scores Nick Esteves to second
|
Batting: SHB Robbie Rogers
|
0-0: Ball 1-0: Ball 2-0: Swinging Strike 2-1: Swinging Strike 2-2: Ball 3-2: Strikes out swinging
|
Bottom of the 5th over - 1 run, 4 hits, 0 errors, 2 left on base; Baltimore 0 - Boston 2 |
TOP OF THE 6TH |
Baltimore Orioles batting - Pitching for Boston Red Sox : RHP Jeremy Hernandez
|
Batting: RHB Marc Peckermark
|
0-0: Foul Ball, location: 2F 0-1: Foul Ball, location: 2F 0-2: Ground out 5-3 (Groundball, 25, EV 70.0 MPH)
|
Batting: LHB Brad Pepin
|
0-0: SOLO HOME RUN (Flyball, 78XD, EV 101.9 MPH), Distance : 419 ft
|
Batting: RHB Saimei Kudo
|
0-0: Ball 1-0: Ball 2-0: Foul Ball, location: 2F 2-1: Foul Ball, location: 2F 2-2: Strikes out swinging
|
Batting: RHB Kevin Howard
|
0-0: Fly out, F9 (Flyball, 9LS, EV 83.8 MPH)
|
Top of the 6th over - 1 run, 1 hit, 0 errors, 0 left on base; Baltimore 1 - Boston 2 |
BOTTOM OF THE 6TH |
Boston Red Sox batting - Pitching for Baltimore Orioles : RHP Sean Parks
|
Batting: LHB Xavier Pittman
|
0-0: Ball 1-0: Ball 2-0: Ball 3-0: Base on Balls
|
Batting: SHB Mark Rennie
|
0-0: Called Strike 0-1: Ball 1-1: Ball 2-1: 2-RUN HOME RUN (Flyball, 9LD, EV 91.3 MPH), Distance : 342 ft
|
Batting: LHB Ernesto Cedillos
|
0-0: Called Strike 0-1: Ball 1-1: Foul Ball, location: 2F 1-2: Fly out, F6 (Line Drive, 4M, EV 83.1 MPH)
|
Batting: SHB Rich Chavez
|
0-0: SOLO HOME RUN (Flyball, 89XD, EV 115.6 MPH), Distance : 446 ft
|
Pitching: RHP Mike Hurst
|
|
Batting: RHB Manny Vergara
|
0-0: Called Strike 0-1: Ground out 4-3 (Groundball, 4, EV 76.3 MPH)
|
Batting: LHB Kevin McCormic Jr.
|
0-0: Ball 1-0: Foul Ball, location: 2F 1-1: Ground out 1-3 (Groundball, 13S, EV 63.8 MPH)
|
Bottom of the 6th over - 3 runs, 2 hits, 0 errors, 0 left on base; Baltimore 1 - Boston 5 |
TOP OF THE 7TH |
Baltimore Orioles batting - Pitching for Boston Red Sox : RHP Jeremy Hernandez
|
Batting: RHB Alex Rodriguez Jr.
|
0-0: Swinging Strike 0-1: Ball 1-1: Ball 2-1: Ball 3-1: SINGLE (Groundball, 56D, EV 99.4 MPH)
|
Batting: RHB Ruben Garza
|
0-0: Ball 1-0: Called Strike 1-1: Ball 2-1: Fly out, F8 (Flyball, 8RXD, EV 108.1 MPH)
|
Batting: RHB Josh Hamilton
|
0-0: Ball 1-0: Foul Ball, location: 2F 1-1: Ball 2-1: Called Strike 2-2: Grounds into double play, 4-6-3 (Groundball, 34, EV 105.6 MPH)
|
Top of the 7th over - 0 runs, 1 hit, 0 errors, 0 left on base; Baltimore 1 - Boston 5 |
BOTTOM OF THE 7TH |
Boston Red Sox batting - Pitching for Baltimore Orioles : RHP Mike Hurst
|
Batting: RHB Nick Esteves
|
0-0: Foul Ball, location: 2F 0-1: Ball 1-1: Ground out 6-3 (Groundball, 56, EV 81.3 MPH)
|
Batting: SHB Brace Harper
|
0-0: Foul Ball, location: 2F 0-1: Fly out, F9 (Flyball, 9D, EV 91.3 MPH)
|
Batting: SHB Robbie Rogers
|
0-0: Called Strike 0-1: Ball 1-1: Ground out 6-3 (Groundball, 6, EV 88.8 MPH)
|
Bottom of the 7th over - 0 runs, 0 hits, 0 errors, 0 left on base; Baltimore 1 - Boston 5 |
TOP OF THE 8TH |
Baltimore Orioles batting - Pitching for Boston Red Sox : RHP Jeremy Hernandez
|
Batting: SHB Jason Hayes
|
0-0: Ball 1-0: Ground out 5-3 (Groundball, 56, EV 97.5 MPH)
|
Batting: LHB Bob Melley
|
0-0: Ball 1-0: Called Strike 1-1: Foul Ball, location: 2F 1-2: TRIPLE (Flyball, 9LD, EV 97.5 MPH)
|
Batting: RHB Marc Peckermark
|
0-0: Called Strike 0-1: Ball 1-1: Ball 2-1: Called Strike 2-2: Foul Ball, location: 2F 2-2: Strikes out swinging
|
Pitching: RHP Fred Huber
|
|
Batting: LHB Brad Pepin
|
0-0: Ball 1-0: Ground out 4-3 (Groundball, 4, EV 102.5 MPH)
|
Top of the 8th over - 0 runs, 1 hit, 0 errors, 1 left on base; Baltimore 1 - Boston 5 |
BOTTOM OF THE 8TH |
Boston Red Sox batting - Pitching for Baltimore Orioles : RHP Mike Hurst
|
Batting: LHB Xavier Pittman
|
0-0: Called Strike 0-1: Ball 1-1: SOLO HOME RUN (Flyball, 89XD, EV 116.3 MPH), Distance : 475 ft
|
Batting: SHB Mark Rennie
|
0-0: Called Strike 0-1: Ball 1-1: TRIPLE (Flyball, 89XD, EV 106.3 MPH)
|
Batting: LHB Ernesto Cedillos
|
0-0: Called Strike 0-1: Ball 1-1: Foul Ball, location: 2F 1-2: Foul Ball, location: 2F 1-2: Ground out 4-3 (Groundball, 4, EV 81.9 MPH) Mark Rennie scores
|
Batting: SHB Rich Chavez
|
0-0: Ball 1-0: Foul Ball, location: 2F 1-1: Ball 2-1: Ground out 5-3 (Groundball, 56, EV 90.0 MPH)
|
Batting: RHB Manny Vergara
|
0-0: Ball 1-0: Ball 2-0: Ground out 5-3 (Groundball, 56S, EV 81.3 MPH)
|
Bottom of the 8th over - 2 runs, 2 hits, 0 errors, 0 left on base; Baltimore 1 - Boston 7 |
TOP OF THE 9TH |
Baltimore Orioles batting - Pitching for Boston Red Sox : RHP Fred Huber
|
Batting: RHB Saimei Kudo
|
0-0: Called Strike 0-1: Ball 1-1: Foul Ball, location: 2F 1-2: SOLO HOME RUN (Line Drive, 7LD, EV 105.6 MPH), Distance : 389 ft
|
Batting: RHB Kevin Howard
|
0-0: Ball 1-0: Swinging Strike 1-1: Ball 2-1: Foul Ball, location: 2F 2-2: Strikes out looking
|
Batting: RHB Alex Rodriguez Jr.
|
0-0: Foul Ball, location: 2F 0-1: Ball 1-1: Called Strike 1-2: Ball 2-2: SINGLE (Line Drive, 56D, EV 103.8 MPH)
|
Batting: RHB Ruben Garza
|
0-0: Ball 1-0: Ball 2-0: Called Strike 2-1: Grounds into double play, 6-4-3 (Groundball, 6, EV 102.5 MPH)
|
Top of the 9th over - 1 run, 2 hits, 0 errors, 0 left on base; Baltimore 2 - Boston 7 |
|